 Dungeon Crawl Stone Soup version 0.26.0-16-gc1dbca0489 (webtiles) character file.

Game seed: 9493707005319421894

1186 Eitelfritz the Carver (level 8, -5/67 HPs)
             Began as a Minotaur Gladiator on Jan 19, 2021.
             Was a Follower of Okawaru.
             Slain by an orc warrior
             ... wielding a +0 flail
              (20 damage)
             ... on level 6 of the Dungeon.
             The game lasted 00:17:17 (5998 turns).

Eitelfritz the Carver (Minotaur Gladiator)          Turns: 5998, Time: 00:17:17

Health: -5/67      AC: 10    Str: 20    XL:     8   Next: 19%
Magic:  7/7        EV: 13    Int:  7    God:    Okawaru [*.....]
Gold:   58         SH:  0    Dex: 11    Spells: 7/7 levels left

rFire    . . .     SeeInvis .   a - +1 long sword
rCold    . . .     Faith    .   (no shield)
rNeg     + . .     Spirit   .   q - +0 chain mail
rPois    .         Reflect  .   c - +0 hat
rElec    .         Harm     .   (no cloak)
rCorr    .         Rampage  .   (no gloves)
Will     .....                  (no boots)
Stlth    ..........             (no amulet)
HPRegen  0.21/turn              g - ring of positive energy
MPRegen  0.10/turn              s - +4 ring of evasion

@: no status effects
A: retaliatory headbutt, horns 2
a: Renounce Religion, Heroism


You were on level 6 of the Dungeon.
You worshipped Okawaru.
Okawaru was aware of your devotion.
You visited 2 branches of the dungeon, and saw 7 of its levels.
You also visited: Sewer.

You collected 322 gold pieces.
You spent 264 gold pieces at shops.

Inventory:

Hand Weapons
 a - a +1 long sword (weapon)
 b - a +2 vorpal longbow
Missiles
 d - 2 throwing nets
 h - 3 datura-tipped darts
 i - 66 arrows
 m - 7 javelins (quivered)
 z - 15 poisoned darts
Armour
 c - a +0 hat (worn)
 q - a +0 chain mail (worn)
 r - a +0 plate armour
Jewellery
 f - a +6 ring of intelligence {unknown}
 g - a ring of positive energy (left hand)
 s - a +4 ring of evasion (right hand)
 x - an uncursed ring of protection from cold
Wands
 y - a wand of acid (17)
Scrolls
 e - 6 scrolls of teleportation
 u - a scroll of enchant weapon
Potions
 j - a potion of cancellation {unknown}
 o - 2 potions of brilliance
 p - a potion of curing
 t - 2 potions of mutation
 v - 2 potions of might {unknown}
 w - a potion of ambrosia {unknown}


   Skills:
 + Level 4.7 Fighting
 + Level 8.0 Long Blades
 + Level 0.4 Bows
 + Level 2.8 Throwing
 + Level 5.8 Armour
 + Level 5.1 Dodging
 + Level 0.6 Stealth
 + Level 1.2 Unarmed Combat


You had 7 spell levels left.
You didn't know any spells.
Your spell library contained the following spells:

 Spells                   Type           Power        Failure   Level
 Animate Skeleton         Necr           0%           99%         1
 Apportation              Tloc           0%           99%         1
 Corona                   Hex            0%           99%         1
 Summon Small Mammal      Summ           0%           99%         1


Dungeon Overview and Level Annotations

Branches:
Dungeon (6/15)             Temple (1/1) D:4           Sewer (visited)

Altars:
Ashenzari
Cheibriados
Dithmenos
Elyvilon
Fedhas
Gozag
Hepliaklqana
Kikubaaqudgha
Makhleb
Nemelex Xobeh
Okawaru
Qazlal
Ru
Sif Muna
Trog
Uskayaw
Wu Jian
Xom
Yredelemnul
Zin
The Shining One

Shops:
D:5 ((*(

Annotations:
D:6 Dowan, Duvessa


Innate Abilities, Weirdness & Mutations

You reflexively headbutt those who attack you in melee.
You have a pair of horns on your head.


Message History

You headbutt the orc warrior, but do no damage.
The orc hits you but does no damage.
You hit the orc warrior but do no damage.
Your headbutt misses the orc warrior.
The orc warrior is severely wounded.
The orc warrior hits you but does no damage.
The orc misses you. You furiously retaliate!
You headbutt the orc!
You kill the orc!
Okawaru accepts your kill.
You barely miss the orc warrior.
The orc warrior is severely wounded.
The orc warrior barely misses you.
You barely miss the orc warrior. Your punch misses the orc warrior.
The orc warrior is severely wounded.
The orc warrior barely misses you. You furiously retaliate!
You headbutt the orc warrior. You closely miss the orc warrior.
Your headbutt misses the orc warrior.
The orc warrior is almost dead.
The orc warrior hits you with a +0 flail!!
You die...

..# . #.#
.. #.#
#.####.####
.........#
#.......#
#.......#
#..[@...#
#..o)...#
#.......#
#.$.....#
#.......#
#.......#
#.......#
#########


You could see an orc warrior.

Vanquished Creatures
  A sky beast (D:5)
  A black bear (D:4)
  An ogre (D:4)
  A centaur (D:5)
  3 bullfrogs
  A scorpion (D:5)
  A centaur zombie (D:5)
  4 orc priests
  Ijyb (D:5)
  3 orc wizards
  A worker ant (D:5)
  8 adders
  4 gnolls (D:5)
  A shadow imp (D:5)
  7 oozes (Sewer)
  A worm (D:2)
  3 dart slugs
  16 leopard geckos
  20 orcs
  10 ball pythons (Sewer)
  13 bats
  13 giant cockroaches
  6 goblins
  13 hobgoblins
  3 jackals
  4 quokkas
  18 frilled lizards
  6 kobolds
  8 rats
172 creatures vanquished.

Notes
Turn   | Place    | Note
-------+----------+-------------------------------------------
     0 | D:1      | Eitelfritz the Minotaur Gladiator began the quest for the
                  | Orb.
     0 | D:1      | Reached XP level 1. HP: 18/18 MP: 0/0
   229 | D:1      | Reached XP level 2. HP: 24/25 MP: 1/1
   691 | D:2      | Reached skill level 4 in Long Blades
   691 | D:2      | Reached XP level 3. HP: 28/30 MP: 2/2
   741 | D:2      | You fall into a shaft and drop 1 floor!
   837 | D:3      | Reached skill level 1 in Armour
   837 | D:3      | Reached XP level 4. HP: 19/37 MP: 3/3
   843 | D:3      | Reached skill level 5 in Long Blades
  1220 | D:3      | Reached XP level 5. HP: 45/45 MP: 4/4
  1545 | D:2      | Found a snail-covered altar of Cheibriados.
  1587 | D:2      | Found a shadowy altar of Dithmenos.
  1802 | D:2      | Found an opulent altar of Gozag.
  2073 | D:2      | Found a glowing silver altar of Zin.
  2402 | D:3      | Found an ancient bone altar of Kikubaaqudgha.
  2402 | D:3      | Found a hazy altar of Hepliaklqana.
  2403 | D:3      | Found a basalt altar of Yredelemnul.
  2626 | D:3      | Found a shimmering blue altar of Sif Muna.
  2852 | D:4      | Reached XP level 6. HP: 5/51 MP: 5/5
  2866 | D:4      | Found a staircase to the Ecumenical Temple.
  3029 | D:4      | Found a glowing drain.
  3033 | Sewer    | Entered a sewer
  3313 | Sewer    | Reached skill level 6 in Long Blades
  3656 | Sewer    | Reached XP level 7. HP: 37/58 MP: 6/6
  3926 | Temple   | Entered the Ecumenical Temple
  4119 | Temple   | Became a worshipper of Warmaster Okawaru
  4558 | D:4      | Reached skill level 7 in Long Blades
  4558 | D:4      | Reached skill level 5 in Armour
  4722 | D:5      | Entered Level 5 of the Dungeon
  4760 | D:5      | Found Xusuf's Antique Weapon Emporium.
  4760 | D:5      | Noticed Ijyb
  4824 | D:5      | Killed Ijyb
  4890 | D:5      | Reached * piety under Okawaru
  4891 | D:5      | Reached skill level 5 in Dodging
  4942 | D:5      | Reached XP level 8. HP: 29/67 MP: 7/7
  5155 | D:5      | Reached skill level 1 in Unarmed Combat
  5166 | D:5      | Bought a runed longbow for 240 gold pieces
  5309 | D:5      | Found Vuottoej's Antique Weapon Emporium.
  5339 | D:5      | Found Noofux's Assorted Antiques.
  5346 | D:5      | Reached skill level 8 in Long Blades
  5408 | D:5      | Bought a scroll labelled BICSAO EMAONKE for 24 gold pieces
  5430 | D:5      | Found Haprama's Antique Weapon Shoppe.
  5946 | D:6      | Noticed Duvessa
  5946 | D:6      | Noticed Dowan
  5998 | D:6      | Slain by an orc warrior

Illustrated notes

Levels and vault maps discovered:
D:1:      giann_forest_graveyard, layout_rooms, hangedman_glass_teeth,
          fountainhead, corner_web_ring, grunt_decor_mini_mirrors
D:2:      layout_loops_ring, marbit_many_paths, cheibriados_altar_1,
          zin_treasury, lemuel_coloured_pillars_altar
D:3:      layout_basic, general_overflow_altar,
          chequers_temple_overflow_statue_of_worship
D:4:      black_bear_nest_2, layout_basic, minmay_temple_entry_ruins,
          gup_sewer_entry_spiral, minmay_misc_feat_four_crosses
D:5:      layout_basic, serial_shops, nicolae_shop_crystal,
          nicolae_shop_statue_plus, nicolae_shop_overgrown_old_shop,
          nicolae_shop_overgrown_old_shop, chequers_serial_rivers_small_3,
          uniq_ijyb
D:6:      layout_rooms, corexii_shack, uniq_menkaure, uniq_duvessa,
          uniq_crazy_yiuf_cottage, uniq_eustachio, uniq_sigmund
Temple:   nicolae_temple_god_jail

Skill      XL: |  1  2  3  4  5  6  7  8 |
---------------+-------------------------+-----
Long Blades    | 4 5 6 7 8 |  8.0
Armour         | 1 2 3 4 5 |  5.8
Dodging        | 4 5 |  5.1
Fighting       | 3 4 |  4.7
Unarmed Combat | 1 |  1.2
Bows           | |  0.4
Throwing       | |  2.8
Stealth        | |  0.6

Action                   |  1- 3 |  4- 6 |  7- 9 || total
-------------------------+-------+-------+-------++-------
Melee: Long sword        |    64 |   208 |    96 ||   368
       Headbutt          |    12 |    45 |    19 ||    76
       Unarmed           |       |       |    44 ||    44
 Fire: Longbow           |       |       |     9 ||     9
Throw: Javelin           |       |       |     6 ||     6
       Throwing net      |       |       |     1 ||     1
  Use: Potion            |       |     1 |       ||     1
       Scroll            |       |       |     8 ||     8
 Stab: Sleeping          |     1 |       |       ||     1
Armor: Scale mail        |    38 |   106 |    13 ||   157
       Chain mail        |       |       |    18 ||    18
Dodge: Dodged            |    59 |   149 |    79 ||   287
       Rpst.: Long sword |    15 |    43 |    15 ||    73
